 Dungeon Crawl Stone Soup version 0.31-a0-876-gfe8ebadbca (webtiles) character file.

Game seed: 10891128394176917143

82 Shayle the Ruffian (level 4, -3/33 HPs)
             Began as a Human Shapeshifter on Oct 13, 2023.
             Succumbed to an orc's poison
             ... on level 3 of the Dungeon.
             The game lasted 00:02:55 (1957 turns).

Shayle the Ruffian (Human Shapeshifter)             Turns: 1957, Time: 00:02:55

Health: -3/33      AC:  5    Str: 15    XL:     4   Next: 70%
Magic:  4/4        EV: 11    Int: 12    God:
Gold:   86         SH:  0    Dex: 12    Spells: 3/3 levels left

rFire   . .          .
                       - Unarmed
rCold   . . .        (no shield)
rNeg    . . .        e - +0 ring mail
rPois   .            (helmet currently unavailable)
rElec   .            (cloak currently unavailable)
rCorr   .            (gloves currently unavailable)
SInv    .            (boots currently unavailable)
Will    .....        (no amulet)
Stlth   +            (no ring)
HPRegen 0.25/turn    (no ring)
MPRegen 0.09/turn

%: no passive effects
@: lethally poisoned (-3 -> -29), beast-form, attractive
A: beast (slay +2)
a: Begin Untransformation


You were on level 3 of the Dungeon.
You were a hulking beast.
You visited 1 branch of the dungeon, and saw 3 of its levels.

You collected 86 gold pieces.

Inventory:

Armour
 a - a +0 animal skin
 e - a +0 ring mail (worn)
Jewellery
 l - an amulet of faith
Talismans
 c - a beast talisman (active)
 d - a flux talisman
Scrolls
 b - a scroll of brand weapon {unknown}
 f - a scroll of amnesia {unknown}
 i - 2 scrolls of identify {unknown}
 j - a scroll of teleportation {unknown}
 k - a scroll of immolation {unknown}
Potions
 g - 2 potions of attraction
 h - a potion of magic {unknown}


   Skills:
 + Level 2.1 Fighting
 + Level 2.8 Dodging
 + Level 3.6 Unarmed Combat
 + Level 3.5 Shapeshifting


You had 3 spell levels left.
You didn't know any spells.
Your spell library was empty.

Dungeon Overview and Level Annotations

Branches:
Dungeon (3/15)

Altars:


Message History

Things that are here:
a +0 hand axe; an orc corpse
There is a stone staircase leading down here.
Things that are here:
a +0 dagger; an orc corpse
There is a stone staircase leading down here.
You start resting.
HP restored.
You climb downwards.
The orc barely misses you. x2
There is a stone staircase leading up here.
You closely miss the orc. The orc hits you but does no damage.
You are poisoned.
The orc misses you.
You closely miss the orc.
You feel sick.
The orc hits you with a +0 whip of venom.
You are more poisoned.
The orc hits you with a +0 flail.
You hit the orc.
The orc is severely wounded.
You feel very sick.
The orc hits you with a +0 whip of venom.
You are lethally poisoned!
The orc hits you with a +0 flail.
You hit the orc.
The orc is severely wounded.
You feel very sick. The orc hits you with a +0 flail.
* * * LOW HITPOINT WARNING * * *
The orc completely misses you.
You barely miss the orc.
The orc is severely wounded.
* * * LOW HITPOINT WARNING * * *
You feel very sick. The orc closely misses you.
The orc hits you with a +0 whip of venom.
* * * LOW HITPOINT WARNING * * *
You are more poisoned.
It was a potion of attraction.
You feel attractive to monsters.
You die...

##.#.##
......#
......
#....
##...
... #.#
#h#
#.oo#
#####


You could see 2 orcs.

Vanquished Creatures
  An adder (D:2)
  3 worms (D:2)
  8 dart slugs
  2 orcs (D:2)
  A ball python (D:1)
  4 endoplasms (D:1)
  2 giant cockroaches
  2 goblins (D:2)
  5 hobgoblins
  4 jackals (D:2)
  4 kobolds
  A quokka (D:1)
  3 bats
  3 rats
43 creatures vanquished.

Notes
Turn   | Place    | Note
-------+----------+-------------------------------------------
     0 | D:1      | Shayle the Human Shapeshifter began the quest for the Orb.
     0 | D:1      | Reached XP level 1. HP: 15/15 MP: 1/1
   143 | D:1      | Reached XP level 2. HP: 14/21 MP: 2/2
   552 | D:1      | Reached XP level 3. HP: 26/26 MP: 3/3
   909 | D:2      | Reached XP level 4. HP: 21/33 MP: 4/4
  1957 | D:3      | Succumbed to an orc's poison

Illustrated notes

Levels and vault maps discovered:
D:1:      elethiomel_arrival_shortcut, layout_loops_ring,
          kennysheep_flooded_box, minmay_box_of_dots
D:2:      layout_basic
D:3:      layout_rooms, roderic_batcave, uniq_ijyb

Skill      XL: |  1  2  3  4 |
---------------+-------------+-----
Fighting       | 2 |  2.1
Dodging        | |  2.8
Unarmed Combat | |  3.6
Shapeshifting  | |  3.5

Action                     |  1- 3 |  4- 6 || total
---------------------------+-------+-------++-------
  Melee: Unarmed           |    85 |    74 ||   159
         Punch             |     2 |     1 ||     3
    Use: Potion            |     1 |     1 ||     2
 Armour: Animal skin       |    13 |       ||    13
         Ring mail         |    31 |    47 ||    78
         Skin              |    30 |     3 ||    33
  Dodge: Dodged            |    54 |    44 ||    98

Table legend: (Time is in decaauts)
 A = Elapsed time spent in this place.
 B = Non-inter-level travel time spent in this place.
 C = Inter-level travel time spent in this place.
 D = Time resting spent in this place.
 E = Time spent auto-exploring this place.
 F = Levels seen in this place.
 G = Mean time per level.
                   A        B        C        D        E       F      G
               +--------+--------+--------+--------+--------+-----+--------+
         Total |   1948 |   1827 |    121 |     86 |   1344 |   3 |  649.3 |
       Dungeon |   1948 |   1827 |    121 |     86 |   1344 |   3 |  649.3 |
               +--------+--------+--------+--------+--------+-----+--------+

Top non-repeatable levels by time:
     D:2: 1046 daAuts
     D:1: 893 daAuts
     D:3: 8 daAuts
